 Dungeon Crawl Stone Soup version 0.29-a0-106-g0a07039d5a (webtiles) character file.

Game seed: 14996939778819958334

52 kae the Ruffian (level 3, -1/29 HPs)
             Began as a Draconian Transmuter on Feb 16, 2022.
             Slain by Sigmund (9 damage)
             ... on level 2 of the Dungeon.
             The game lasted 00:01:28 (1782 turns).

kae the Ruffian (Draconian Transmuter)              Turns: 1782, Time: 00:01:29

Health: -1/29      AC:  5    Str: 12    XL:     3   Next: 60%
Magic:  6/6        EV: 12    Int: 15    God:
Gold:   60         SH:  0    Dex: 11    Spells: 1/6 levels left

rFire   . . .      SeeInvis .     - Unarmed
rCold   . . .      Faith    .   (no shield)
rNeg    . . .      Spirit   .   (armour unavailable)
rPois   .          Reflect  .   (helmet currently unavailable)
rElec   .          Harm     .   (no cloak)
rCorr   .          Rampage  .   (no gloves)
Will    .....                   (boots currently unavailable)
Stlth   +.........              (no amulet)
HPRegen 0.09/turn               (no ring)
MPRegen 0.10/turn               (no ring)

@: appendages (expiring)
A: horns 2, talons 2, AC +5, unfitting armour, cold-blooded
a: End Transformation


You were on level 2 of the Dungeon.
You had temporarily grown beastly horns and talons.
You visited 1 branch of the dungeon, and saw 2 of its levels.

You collected 60 gold pieces.

Inventory:

Jewellery
 b - a ring of resist corrosion
Scrolls
 a - 3 scrolls of identify
 c - a scroll of vulnerability
 f - a scroll of amnesia {unknown}
Potions
 d - a potion of cancellation
 e - a potion of mutation {unknown}


   Skills:
 + Level 1.7 Fighting
 + Level 2.0 Dodging
 * Level 3.4 Unarmed Combat
 + Level 2.2 Spellcasting
 * Level 2.8 Transmutations
 * Level 0.4 Poison Magic


You had one spell level left.
You knew the following spells:

 Your Spells              Type           Power      Damage    Failure   Level
a - Beastly Appendage     Tmut           20%        N/A       7%          1
b - Spider Form           Tmut/Pois      6%         N/A       32%         3
c - Sting                 Tmut/Pois      24%        1d4       11%         1

Your spell library contained the following spells:

 Spells                   Type           Power      Damage    Failure   Level
 Wereblood                Tmut           10%        N/A       11%         2
 Poisonous Vapours        Pois/Air       4%         N/A       30%         2
 Ice Form                 Ice/Tmut       5%         N/A       77%         4
 Olgreb's Toxic Radiance  Pois           3%         N/A       87%         4


Dungeon Overview and Level Annotations

Branches:
Dungeon (2/15)

Altars:

Annotations:
D:2 Sigmund


Innate Abilities, Weirdness & Mutations

You have temporarily grown beastly horns and talons.
Your plain brown scales are hard. (AC +5)
You cannot fit into any form of body armour.
You are cold-blooded and may be slowed by cold attacks.


Message History

Sigmund the Dreaded comes into view.
He is wielding a +0 scythe.
Sigmund shouts!
Sigmund is nearby!
Sigmund is nearby!
Sigmund is nearby!
Casting: Beastly Appendage (safe; 7% risk of failure)
Confirm with . or Enter, or press ? or * to list all spells.
You grow a pair of large bovine horns.
Your feet morph into talons.
Sigmund casts a spell at you. The magic dart hits you.
You hit Sigmund. You claw Sigmund.
You tail-slap Sigmund, but do no damage.
Sigmund is lightly wounded.
Sigmund hits you with a +0 scythe!
You are too injured to fight recklessly!
You are too injured to fight recklessly!
You are too injured to fight recklessly!
You are too injured to fight recklessly!
You are too injured to fight recklessly!
You are too injured to fight recklessly!
You are too injured to fight recklessly!
You are too injured to fight recklessly!
You hit Sigmund but do no damage. You headbutt Sigmund, but do no damage.
Sigmund is lightly wounded.
You hit Sigmund. You claw Sigmund. Your headbutt misses Sigmund.
Sigmund is moderately wounded.
Sigmund hits you with a +0 scythe.
You hit Sigmund but do no damage. You claw Sigmund.
Sigmund is heavily wounded.
Sigmund gestures at you while chanting.
You are confused.
You bump into the rock wall.
Sigmund hits you with a +0 scythe.
Your transformation is almost over.
Sigmund closely misses you.
Sigmund hits you from afar with a +0 scythe.
* * * LOW HITPOINT WARNING * * *
You bump into the rock wall.
You feel less confused. Sigmund hits you with a +0 scythe!
You die...

##.#.#.##.#+#...#####
#.#.#. #...........#
# #.##...........#
#..............#
#.#####<.....#####
#............#
#######......#
####...# #@@.# #...#
.....# .......#
.........# .........#
.........# ......####


You could see Sigmund.

Vanquished Creatures
  2 adders (D:2)
  2 dart slugs
  3 endoplasms
  2 giant cockroaches (D:1)
  5 goblins
  2 hobgoblins (D:1)
  2 quokkas (D:1)
  A ball python (D:1)
  3 bats
  3 frilled lizards
  3 kobolds
  A rat (D:1)
29 creatures vanquished.

Vanquished Creatures (others)
  A plant (D:1)
1 creature vanquished.

Grand Total: 30 creatures vanquished

Notes
Turn   | Place    | Note
-------+----------+-------------------------------------------
     0 | D:1      | kae the Draconian Transmuter began the quest for the Orb.
     0 | D:1      | Reached XP level 1. HP: 16/16 MP: 3/3
   347 | D:1      | Found a faded altar of an unknown god.
   451 | D:1      | Reached XP level 2. HP: 15/23 MP: 5/5
  1595 | D:2      | Reached XP level 3. HP: 28/28 MP: 4/6
  1597 | D:2      | Learned a level 1 spell: Sting
  1616 | D:2      | Learned a level 3 spell: Spider Form
  1769 | D:2      | Noticed Sigmund
  1782 | D:2      | Slain by Sigmund

Illustrated notes

Levels and vault maps discovered:
D:1:      wander_arrival_chamber, layout_basic, serial_forest,
          infiniplex_forest_clump_tiny, infiniplex_forest_end_2,
          infiniplex_forest_lined_1, infiniplex_forest_corner_1,
          infiniplex_forest_straight_4, infiniplex_forest_clump_curved,
          hellmonk_ecumenical_altar_inner_sanctum, minmay_misc_feat_tower,
          minmay_misc_feat_hallway, lemuel_another_geyser
D:2:      layout_basic, uniq_crazy_yiuf_cottage, uniq_sigmund

Skill      XL: |  1  2 |
---------------+-------+-----
Dodging        | 2 |  2.0
Fighting       | |  1.7
Unarmed Combat | |  3.4
Spellcasting   | |  2.2
Transmutations | |  2.8
Poison Magic   | |  0.4

Action                   || total
-------------------------++-------
Melee: Unarmed           ||   120
       Tailslap          ||    19
       Kick              ||    16
       Headbutt          ||     3
       Punch             ||     1
 Cast: Beastly Appendage ||    20
  Use: Scroll            ||     2
Armor: Skin              ||    36
Dodge: Dodged            ||    68

Table legend: (Time is in decaauts)
 A = Elapsed time spent in this place.
 B = Non-inter-level travel time spent in this place.
 C = Inter-level travel time spent in this place.
 D = Time resting spent in this place.
 E = Time spent auto-exploring this place.
 F = Levels seen in this place.
 G = Mean time per level.
                   A        B        C        D        E       F      G
               +--------+--------+--------+--------+--------+-----+--------+
         Total |   1777 |   1763 |     14 |    127 |   1360 |   2 |  888.5 |
       Dungeon |   1777 |   1763 |     14 |    127 |   1360 |   2 |  888.5 |
               +--------+--------+--------+--------+--------+-----+--------+

Top non-repeatable levels by time:
     D:1: 1583 daAuts
     D:2: 194 daAuts
